 Dungeon Crawl Stone Soup version 0.29.1-12-g30fa7ad0bf (webtiles) character file.

Game seed: 5361245813657898439

71 hawla the Chiller (level 4, -9/49 HPs)
             Began as a Meteoran Ice Elementalist on Dec 28, 2022.
             Mangled by an orc warrior
             ... wielding a +0 scimitar
              (19 damage)
             ... on level 4 of the Dungeon.
             The game lasted 00:02:46 (356 turns).

hawla the Chiller (Meteoran Ice Elementalist)        Turns: 356, Time: 00:02:46

Health: -9/49      AC:  2    Str:  9    XL:     4   Next: 75%
Magic:  7/10       EV: 12    Int: 18    God:
Gold:   110        SH:  0    Dex: 15    Spells: 9/10 levels left

rFire   + . .      SeeInvis .   (no weapon)
rCold   + . .      Faith    .   (no shield)
rNeg    . . .      Spirit   .   a - +0 robe
rPois   .          Reflect  .   (no helmet)
rElec   .          Harm     .   g - scarf {rC+ rF+}
rCorr   .          Rampage  .   (no gloves)
Will    .....                   (no boots)
Stlth   ..........              (no amulet)
HPRegen 0.16/turn               (no ring)
MPRegen 0.12/turn               (no ring)

@: berserking, glowing, very quick
A: sense surroundings 1, otherworldly, glowing, explore regen
a: no special abilities


You were on level 4 of the Dungeon.
You visited 1 branch of the dungeon, and saw 4 of its levels.

You collected 110 gold pieces.

Inventory:

Armour
 a - a +0 robe (worn)
 g - a scarf of resistance (worn)
Jewellery
 f - an amulet of magic regeneration
Potions
 d - a potion of berserk rage


   Skills:
 + Level 0.1 Fighting
 + Level 2.6 Dodging
 - Level 1.4 Stealth
 + Level 3.9 Spellcasting
 + Level 5.4 Ice Magic


You had 9 spell levels left.
You knew the following spells:

 Your Spells              Type           Power      Damage    Failure   Level
a - Freeze                Ice            92%        1d10      1%          1

Your spell library contained the following spells:

 Spells                   Type           Power      Damage    Failure   Level
 Frozen Ramparts          Ice            46%        1d7       4%          3
 Ozocubu's Armour         Ice            23%        N/A       4%          3
 Blink                    Tloc           6%         N/A       22%         2
 Lesser Beckoning         Tloc           3%         N/A       41%         3
 Hailstorm                Conj/Ice       13%        3d5       43%         4
 Manifold Assault         Tloc           3%         N/A       99%         5


Dungeon Overview and Level Annotations

Branches:
Dungeon (4/15) Zot: 2043
 Temple: D:4-7

Altars:


Innate Abilities, Weirdness & Mutations

You passively map a small area around you.
You are easily found by Zot.
You glow in the dark.
You regain HP and MP as you explore.


Message History

Confirm with . or Enter, or press ? or * to list all spells.
Aiming: Freeze (safe; 1% risk of failure)
Press: ? - help, Shift-Dir - straight line You freeze something!
Reactivating autopickup.
You feel a bit more experienced.
Unknown command.
Casting: Freeze (safe; 1% risk of failure)
Confirm with . or Enter, or press ? or * to list all spells.
Aiming: Freeze (safe; 1% risk of failure)
Press: ? - help, Shift-Dir - straight line, f - orc warrior
Aim: an orc warrior, wielding a +0 scimitar and wearing a +0 chain mail You freeze the orc warrior!
The orc warrior is moderately wounded.
The orc warrior barely misses you.
Casting: Freeze (safe; 1% risk of failure)
Confirm with . or Enter, or press ? or * to list all spells.
You don't know that spell.
Sorry, you're not good enough to have a special ability.
Casting: Freeze (safe; 1% risk of failure)
Confirm with . or Enter, or press ? or * to list all spells.
Aiming: Freeze (safe; 1% risk of failure)
Press: ? - help, Shift-Dir - straight line, f/p - orc warrior
Aim: an orc warrior, wielding a +0 scimitar and wearing a +0 chain mail (moderately wounded)
You freeze the orc warrior.
The orc warrior is moderately wounded.
The orc warrior closely misses you.
Casting: Freeze (safe; 1% risk of failure)
Confirm with . or Enter, or press ? or * to list all spells.
Aiming: Freeze (safe; 1% risk of failure)
Press: ? - help, Shift-Dir - straight line, f/p - orc warrior
Aim: an orc warrior, wielding a +0 scimitar and wearing a +0 chain mail (moderately wounded)
You freeze the orc warrior.
The orc warrior is moderately wounded.
The orc warrior hits you with a +0 scimitar!
* * * LOW HITPOINT WARNING * * *
A red film seems to cover your vision as you go berserk!
You feel yourself moving faster!
You feel mighty!
The orc warrior hits you with a +0 scimitar!!
You die...

* .
####################
,
...........§○.......
#######.####☼#######
###..# #@# #...##
#o# ##### #.### ,
§o! * ....####.#
*,☼.§.. ....'....#
*°§☼§.○# >...######
####§§§○, , ....#
###### , ....## *
##...#


You could see an orc warrior and an orc.

Vanquished Creatures
  An orc priest (D:4)
  An orc wizard (D:4)
  A worm (D:2)
  An orc (D:4)
  2 endoplasms (D:2)
  A giant cockroach (D:4)
  3 hobgoblins
  A quokka (D:3)
  2 ball pythons
  A rat (D:2)
14 creatures vanquished.

Notes
Turn   | Place    | Note
-------+----------+-------------------------------------------
     0 | D:1      | hawla the Meteoran Ice Elementalist began the quest for the
                  | Orb.
     0 | D:1      | Reached XP level 1. HP: 14/14 MP: 5/5
    94 | D:2      | Reached XP level 2. HP: 19/20 MP: 4/6
   342 | D:4      | Noticed an orc warrior
   345 | D:4      | Reached skill level 5 in Ice Magic
   345 | D:4      | Reached XP level 3. HP: 12/26 MP: 6/9
   345 | D:4      | Reached XP level 4. HP: 15/33 MP: 6/10
   356 | D:4      | Mangled by an orc warrior

Illustrated notes

Levels and vault maps discovered:
D:1:      roderic_dead_forest, layout_loops_corners
D:2:      layout_rooms, columned_hall_lemuel
D:3:      layout_basic, marbit_many_paths,
          chequers_ecumenical_altar_simple_redux, st_stairs_11
D:4:      layout_basic

Skill      XL: |  1  2 |
---------------+-------+-----
Spellcasting   | 3 |  3.9
Ice Magic      | 5 |  5.4
Fighting       | |  0.1
Dodging        | |  2.6
Stealth        | |  1.4

Action                   |  1- 3 |  4- 6 || total
-------------------------+-------+-------++-------
Melee: Unarmed           |     1 |       ||     1
 Cast: Freeze            |    27 |     8 ||    35
  Use: Scroll            |     2 |     1 ||     3
       Potion            |       |     3 ||     3
Armor: Robe              |     1 |       ||     1
Dodge: Dodged            |     4 |     4 ||     8
